 Dungeon Crawl Stone Soup version 0.25-a0-478-g33c61bd (webtiles) character file.

Game seed: 12728841558193559778, levelgen mode: deterministic

156 15 the Ruffian (level 5, -2/41 HPs)
             Began as a Draconian Transmuter on Feb 8, 2020.
             Killed by nerve-wracking pain
             ... invoked by an orc priest
              (13 damage)
             ... on level 4 of the Dungeon.
             The game lasted 00:11:37 (2906 turns).

15 the Ruffian (Draconian Transmuter)               Turns: 2906, Time: 00:11:39

Health: -2/41      AC:  5    Str: 14    XL:     5   Next: 15%
Magic:  9/9        EV: 12    Int: 13    God:
Gold:   202        SH:  4    Dex: 14    Spells: 3/9 levels left

rFire    . . .     SeeInvis .     - Unarmed
rCold    . . .     Gourm    .   d - +0 buckler
rNeg     . . .     Faith    .   (armour unavailable)
rPois    .         Spirit   .   (helmet restricted)
rElec    .         Reflect  .   (no cloak)
rCorr    .         Harm     .   (no gloves)
MR       .....                  (boots currently unavailable)
Stlth    +.........             (no amulet)
HPRegen  0.13/turn              n - +3 ring of dexterity
MPRegen  0.11/turn              (no ring)

@: appendage (expiring)
A: unfitting armour, talons 3, cold-blooded, AC +5
a: End Transformation


You were on level 4 of the Dungeon.
You were not hungry.
You had grown temporary talons.
You visited 1 branch of the dungeon, and saw 4 of its levels.

You collected 202 gold pieces.

Inventory:

Missiles
 a - 60 arrows
Armour
 d - a +0 buckler (worn)
Jewellery
 n - a +3 ring of dexterity (left hand)
Wands
 o - a wand of iceblast (7)
 q - a wand of flame (30)
Scrolls
 b - a scroll of remove curse {unknown}
 f - a scroll of fear {unknown}
 g - a scroll of fog
 h - 2 scrolls of amnesia
 k - a scroll of enchant weapon
 m - 2 scrolls of blinking
Potions
 e - 2 potions of lignification
 i - 2 potions of ambrosia
 j - a potion of cancellation
Comestibles
 c - 5 rations
 l - 2 chunks of flesh


   Skills:
 * Level 2.0 Fighting
 * Level 2.2 Dodging
 + Level 0.1 Stealth
 * Level 1.0 Shields
 * Level 4.0 Unarmed Combat
 * Level 2.7 Spellcasting
 * Level 2.7 Transmutations
 * Level 0.8 Evocations


You had 3 spell levels left.
You knew the following spells:

 Your Spells              Type           Power        Failure   Level  Hunger
a - Beastly Appendage     Tmut           #.....       11%         1    #......
b - Sticks to Snakes      Tmut           #.......     17%         2    ###....
c - Spider Form           Tmut/Pois      #.........   52%         3    ###....

Your spell library contained the following spells:

 Spells                   Type           Power        Failure   Level  Hunger
 Ice Form                 Ice/Tmut       #.......     89%         4    #####..
 Blade Hands              Tmut           #.........   97%         5    ######.


Dungeon Overview and Level Annotations

Branches:
Dungeon (4/15)
 Temple: D:4-7

Altars:
Ashenzari
Okawaru
Trog


Innate Abilities, Weirdness & Mutations

Your plain brown scales are hard. (AC +5)
You cannot fit into any form of body armour.
You are cold-blooded and may be slowed by cold attacks.
You have claws for feet.


Message History

The orc is heavily wounded.
You block the orc's attack. The orc barely misses you.
You hit the orc.
You kill the orc!
Something hits you. The orc hits you but does no damage.
You hit the orc priest.
The orc priest is heavily wounded.
Something hits you. You block the orc priest's attack. The orc hits you.
You hit the orc priest.
The orc priest is heavily wounded.
Your transformation is almost over.
Something hits you. The orc priest hits you. The orc barely misses you.
You hit the orc priest but do no damage.
Your kick misses the orc priest.
Your tail-slap misses the orc priest.
The orc priest is heavily wounded.
Something hits you.
* * * LOW HITPOINT WARNING * * *
The orc priest mumbles some strange prayers to Beogh against you.
Pain shoots through your body!
You die...

#.##...............)##.........
##.#..#.##...........##.........
....(##..............##.......#
...<)###.###.......#####...#.##
.......#.#####...#...###.### #
####.#....####...###.#...# .#
#....##.#...##..........####.#
#.......###.......#####......####
#.......###.....@o...............
#................o...............
#............#...................
#.......######...................
###.....# #...................
#.....# #.÷.................
#≈≈.≈≈# #...................
#g≈.≈g# #...................
#≈≈.≈≈# ##..................


You could see an orc priest and an orc.

Vanquished Creatures
  2 orc priests
  An iguana (D:4)
  A worm (D:3)
  A dart slug (D:1)
  A leopard gecko (D:3)
  4 orcs
  A ball python (D:1)
  A giant cockroach (D:4)
  7 goblins
  7 hobgoblins
  7 jackals
  8 kobolds
  10 bats
  6 frilled lizards
  8 rats
65 creatures vanquished.

Notes
Turn   | Place    | Note
-------+----------+-------------------------------------------
     0 | D:1      | 15 the Draconian Transmuter began the quest for the Orb.
     0 | D:1      | Reached XP level 1. HP: 16/16 MP: 3/3
   139 | D:1      | Reached XP level 2. HP: 12/23 MP: 5/5
   147 | D:1      | Learned a level 2 spell: Sticks to Snakes
   855 | D:1      | Reached XP level 3. HP: 22/28 MP: 6/6
   863 | D:1      | Learned a level 3 spell: Spider Form
  2106 | D:3      | Reached XP level 4. HP: 36/36 MP: 5/7
  2213 | D:4      | Found an iron altar of Okawaru.
  2674 | D:4      | Reached skill level 1 in Shields
  2674 | D:4      | Reached skill level 4 in Unarmed Combat
  2682 | D:4      | Found a bloodstained altar of Trog.
  2705 | D:4      | Found a shattered altar of Ashenzari.
  2729 | D:4      | Upgraded the game from 0.25-a0-474-ga8a2ee3 to
                  | 0.25-a0-478-g33c61bd
  2756 | D:4      | Reached XP level 5. HP: 15/41 MP: 6/9
  2906 | D:4      | Killed from afar by an orc priest

Levels and vault maps discovered:
D:1:      nicolae_arrival_washed_ashore, layout_loops_cross,
          hangedman_glass_teeth
D:2:      layout_loops_ring
D:3:      layout_basic, bh_walls_and_bars
D:4:      layout_rooms, kennysheep_okawaru_gauntlet, overflow_temple_1_default,
          ashenzari_altar_1, minmay_temple_entry_sparse_star,
          grunt_ministairs_7, uniq_crazy_yiuf_cottage, uniq_eustachio,
          uniq_robin

Skill      XL: |  1  2  3  4 |
---------------+-------------+-----
Dodging        | 2 |  2.2
Fighting       | 2 |  2.0
Shields        | 1 |  1.0
Unarmed Combat | 4 |  4.0
Stealth        | |  0.1
Spellcasting   | |  2.7
Transmutations | |  2.7
Evocations     | |  0.8

Action                   |  1- 3 |  4- 6 || total
-------------------------+-------+-------++-------
Melee: Unarmed           |   211 |    25 ||   236
       Tailslap          |    26 |     5 ||    31
       Kick              |    10 |     5 ||    15
       Headbutt          |     9 |     3 ||    12
 Cast: Beastly Appendage |    25 |     6 ||    31
  Use: Scroll            |    10 |       ||    10
       Potion            |       |     2 ||     2
  Eat: Chunk             |     5 |     2 ||     7
Armor: Skin              |    58 |     6 ||    64
Dodge: Dodged            |   137 |    14 ||   151
Block: Buckler           |    32 |     5 ||    37

Table legend:
 A = Non-vault XP
 B = Vault XP
 C = Vault XP percentage of total XP
 D = Non-vault monster count
 E = Vault monster count
 F = Vault count percentage of total count
                 A         B        C        D         E       F
            +---------+---------+-------+---------+---------+-------
      Total |     224 |       0 |   0.0 |      65 |       0 |   0.0
            +---------+---------+-------+---------+---------+-------
        D:1 |      41 |       0 |   0.0 |      26 |       0 |   0.0
        D:2 |      17 |       0 |   0.0 |      12 |       0 |   0.0
        D:3 |      84 |       0 |   0.0 |      22 |       0 |   0.0
        D:4 |      82 |       0 |   0.0 |       5 |       0 |   0.0
            +---------+---------+-------+---------+---------+-------
